AoeStats
← CHAOS2247

African Clearing

510879468Analyzed
4v4 RM · 23h ago on Oct 2, 2026· 53m 20s· 8 players
Game mode
Random Map
Map size
Large (8 player)
Population
200
Speed
Normal
Resources
Standard
Victory
Conquest
Starting age
Dark Age
Ending age
Imperial Age
RankedLock teamsTeams togetherTeam positionsShared explorationLock speedFull tech treeHidden civsTurbo modeCheats
Victory
Defeat
🇬🇧 Spanish · United Kingdom
915
+11
🇨🇱 Cumans · Chile
869
+13
🇹🇼 Mongols · Taiwan
849
+14
🇦🇷 Koreans · Argentina
837
+15
🇺🇸 Celts · United States
826
-14
🇺🇸 Cumans · United States
819
-14
🇺🇸 Danes · United States
809
-13
🇬🇧 Mongols · United Kingdom
763
-12
Juggsgotcha2711
4:38 Loom
16:46 Feudal Age
17:26 Man-at-Arms
18:40 Double-Bit Axe
18:45 Horse Collar
19:58 Town Watch
20:42 Forging
22:30 Scale Mail Armor
25:54 Castle Age
24:34 Stone Mining
24:49 Arson
26:26 Gambesons
27:01 Long Swordsman
27:50 Heavy Plow
28:20 Squires
27:42 Pikeman
29:51 Iron Casting
29:34 Masonry
39:13 Imperial Age
37:51 Fletching
38:30 Ballistics
39:00 Hamask
43:32 Bow Saw
47:22 Hoardings
48:43 Blast Furnace
48:44 Chain Mail Armor
49:56 Wheelbarrow
49:29 Town Patrol
52:02 Plate Mail Armor
Walkdog38
3:37 Loom
16:34 Feudal Age
22:15 Castle Age
20:16 Stone Mining
20:55 Horse Collar
21:21 Gold Mining
21:20 Double-Bit Axe
23:57 Stone Shaft Mining
23:58 Gold Shaft Mining
23:37 Bow Saw
24:40 Crossbowman
31:55 Wheelbarrow
37:14 Heated Shot
39:30 Hand Cart
43:33 Heavy Plow
43:23 Town Watch
44:15 Town Patrol
44:57 Ballistics
48:08 Imperial Age
47:30 Pikeman
47:56 Gambesons
47:58 Arson
48:52 Forging
48:43 Scale Mail Armor
48:44 Padded Archer Armor
48:34 Fletching
48:50 Scale Barding Armor
50:09 Chemistry
49:10 Halberdier
CHAOS2247
11:06 Loom
15:18 Feudal Age
15:49 Double-Bit Axe
15:49 Horse Collar
18:57 Stone Mining
24:48 Castle Age
25:58 Wheelbarrow
31:18 Bow Saw
31:41 Gold Mining
32:13 Scale Barding Armor
33:34 Bloodlines
35:25 Husbandry
37:44 Ballistics
38:18 Hand Cart
38:36 Fletching
39:54 Forging
41:09 Gold Shaft Mining
41:13 Stone Shaft Mining
41:40 Heavy Plow
45:37 Imperial Age
46:25 Chain Barding Armor
46:41 Iron Casting
46:03 Bodkin Arrow
45:51 Capped Ram
47:10 Heavy Camel Rider
brad
8:57 Loom
17:33 Feudal Age
19:51 Double-Bit Axe
19:49 Horse Collar
23:57 Bloodlines
27:13 Scale Barding Armor
27:19 Forging
28:13 Fletching
29:30 Padded Archer Armor
41:03 Gold Mining
47:14 Castle Age
47:41 Light Cavalry
50:13 Chain Barding Armor
50:29 Iron Casting
Louis Theroux
8:44 Loom
13:57 Feudal Age
14:39 Feudal Age
16:23 Double-Bit Axe
19:02 Castle Age
16:46 Horse Collar
19:42 Wheelbarrow
20:11 Bow Saw
26:51 Fletching
34:59 Imperial Age
32:58 Bodkin Arrow
35:52 Forging
36:15 Gold Mining
36:16 Stone Mining
36:12 Town Watch
37:48 Iron Casting
38:40 Conscription
38:31 Scale Barding Armor
40:36 Chemistry
39:52 Husbandry
40:04 Bloodlines
39:15 Light Cavalry
42:01 Two-Man Saw
40:41 Elite Conquistador
40:48 Elite Conquistador
41:22 Hussar
42:47 Hand Cart
46:29 Blast Furnace
45:50 Chain Barding Armor
49:37 Plate Barding Armor
49:57 Caravan
A-Rai
6:42 Loom
12:54 Feudal Age
19:33 Castle Age
25:25 Husbandry
28:24 Fletching
28:35 Padded Archer Armor
31:57 Leather Archer Armor
34:08 Bloodlines
35:17 Ballistics
38:33 Wheelbarrow
37:56 Bodkin Arrow
42:21 Imperial Age
43:17 Hand Cart
44:11 Chemistry
43:06 Murder Holes
43:56 Conscription
43:58 Drill
44:10 Bracer
48:42 Elite Mangudai
50:18 Forging
50:13 Scale Barding Armor
Leoking
6:18 Loom
14:20 Feudal Age
23:38 Castle Age
22:37 Double-Bit Axe
24:33 Scale Barding Armor
25:11 Wheelbarrow
25:45 Bloodlines
26:11 Hand Cart
28:12 Chain Barding Armor
38:47 Imperial Age
36:28 Capped Ram
40:12 Forging
40:00 Horse Collar
41:18 Siege Ram
46:55 Elite Steppe Lancer
48:18 Plate Barding Armor
48:18 Iron Casting
nicocaraza
5:26 Loom
19:31 Feudal Age
21:54 Horse Collar
22:04 Double-Bit Axe
26:48 Fletching
31:00 Castle Age
33:15 Eupseong
37:18 Stone Mining
39:46 Bodkin Arrow
44:57 Bow Saw
44:51 Heavy Plow
47:37 Imperial Age
46:05 Arson
46:20 Squires
46:59 Forging
47:20 Gold Mining
48:35 Iron Casting
48:04 Scale Mail Armor
50:42 Wheelbarrow
50:44 Gold Shaft Mining
51:39 Bracer
51:55 Chain Mail Armor
52:38 Elite Fire Lancer
Connection lost

Rejoining the realm…

Still unreachable

The connection could not be restored.

Session expired

The server has moved on; the page needs a fresh start.